 Dungeon Crawl Stone Soup version 0.22-a0-815-gb582571 (webtiles) character file.

433 BaronVonScrub the Magician (level 6, -3/43 HPs)
             Began as a Mummy Conjurer on July 23, 2018.
             Slain by a gnoll
             ... wielding a +0 spear
              (6 damage)
             ... on level 5 of the Dungeon.
             The game lasted 00:23:06 (6163 turns).

BaronVonScrub the Magician (Mummy Conjurer)         Turns: 6163, Time: 00:23:07

Health: -3/43      AC:  7    Str: 11    XL:     6   Next: 67%
Magic:  23/23      EV: 11    Int: 16    God:
Gold:   17         SH:  0    Dex: 13    Spells: 5/16 levels left

rFire    x . .     SeeInvis .   e - +6 dagger (freeze)
rCold    + . .     Gourm    .   (no shield)
rNeg     + + +     Faith    .   g - +0 leather armour
rPois    ∞         Spirit   .   o - +2 helmet
rElec    .         Reflect  .   (no cloak)
rCorr    +         Harm     .   (no gloves)
MR       .....                  k - +0 pair of boots
Stlth    +.........             p - amulet of the acrobat
HPRegen  0.14/turn              c - ring of magical power
MPRegen  0.18/turn              i - ring of resist corrosion

@: glowing
A: no food or potions, fire vulnerability, cold resistance 1, negative energy
resistance 3, torment resistance, unbreathing
a: no special abilities


You were on level 5 of the Dungeon.
You were not hungry.

You visited 1 branch of the dungeon, and saw 6 of its levels.

You collected 257 gold pieces.
You spent 240 gold pieces at shops.

Inventory:

Hand Weapons
 b - a +0 club
 e - a +6 dagger of freezing (weapon)
Armour
 a - a +0 robe
 f - a +0 helmet
 g - a +0 leather armour (worn)
 k - a +0 pair of boots (worn)
 o - a +2 helmet (worn)
Jewellery
 c - a ring of magical power (left hand)
 i - a ring of resist corrosion (right hand)
 l - an uncursed ring of poison resistance
 m - an uncursed ring of protection from fire
 p - an amulet of the acrobat (around neck)
Wands
 d - a wand of acid (11)
 j - a wand of flame (41)
Scrolls
 h - a scroll of identify


   Skills:
 + Level 1.4 Fighting
 + Level 1.3 Short Blades
 - Level 1.5 Dodging
 - Level 1.6 Stealth
 + Level 5.8 Spellcasting
 + Level 5.0 Conjurations
 + Level 0.3 Summonings


You had 5 spell levels left.
You knew the following spells:

 Your Spells              Type           Power        Failure   Level  Hunger
a - Magic Dart            Conj           ###.         2%          1    N/A
b - Dazzling Spray        Conj/Hex       ##....       19%         3    N/A
c - Searing Ray           Conj           ###...       3%          2    N/A
d - Iskenderun's Mystic   Conj           ###.....     22%         4    N/A
e - Summon Small Mammal   Summ           #...         16%         1    N/A

Your spell library contained the following spells:

 Spells                   Type           Power        Failure   Level  Hunger
 Apportation              Tloc           #.....       19%         1    N/A
 Animate Skeleton         Necr           N/A          19%         1    N/A
 Confusing Touch          Hex            #.....       19%         1    N/A
 Fulminant Prism          Conj/Hex       ##........   54%         4    N/A
 Force Lance              Conj/Tloc      ##......     54%         4    N/A

Dungeon Overview and Level Annotations

Branches:
Dungeon (6/15)
 Temple: D:4-7

Altars:
Okawaru
Beogh

Shops:
D:4 *   D:5 :[

Annotations:
D:4 Qyllgeth's ghost, amateur GrFi
D:6 Grinder


Innate Abilities, Weirdness & Mutations

You do not eat or drink.
Your flesh is vulnerable to fire.
You are immune to poison.
Your flesh is cold resistant. (rC+)
You are immune to negative energy. (rN+++)
You are immune to unholy pain and torment.
You can survive without breathing.


Message History

The gnoll shaman invokes the aid of its god against you.
You are outlined in light.
The jackal completely misses you. The jackal completely misses you.
The centaur skeleton closely misses you.
The jackal closely misses you. The centaur skeleton misses you.
The jackal closely misses you. The gnoll shaman completely misses you.
Grinder comes into view.
Grinder shouts!
The jackal completely misses you.
There is a stone staircase leading up here.
The jackal closely misses you.
You climb upwards.
The gnoll hits you with a spear.
* * * LOW HITPOINT WARNING * * *
There is a stone staircase leading down here.
You hit the gnoll. You freeze the gnoll.
The gnoll is heavily wounded.
The gnoll hits you with a spear.
You die...

#######
#.....#
#.....#
########.....#
♣♣♣
...8..∩..8...#
♣@♣♣
........>....#
♣g.♣
............##
♣♣.♣♣
####....∩...##
♣♣.♣
#.........#
♣.♣
##.........#
♣.♣♣
#...<.....##
♣♣.♣
#.#.......##
♣)♣
##.#.......)#
♣.♣♣♣


You could see a gnoll.

Vanquished Creatures
  A scorpion (D:4)
  A centaur zombie (D:4)
  An orc priest (D:3)
  A centaur skeleton (D:4)
  Terence (D:3)
  A worker ant (D:4)
  4 gnolls (D:5)
  A howler monkey skeleton (D:4)
  7 adders
  A shadow imp (D:4)
  An ooze (D:2)
  3 worms
  8 leopard geckos
  4 orcs
  6 giant cockroaches
  13 goblins
  11 hobgoblins
  7 jackals
  A quokka (D:4)
  2 ball pythons (D:3)
  11 bats
  4 frilled lizards
  6 kobolds
  8 rats
104 creatures vanquished.

Notes
Turn   | Place    | Note
-------+----------+-------------------------------------------
     0 | D:1      | BaronVonScrub the Mummy Conjurer began the quest for the Orb.
     0 | D:1      | Reached XP level 1. HP: 13/13 MP: 4/4
   305 | D:1      | Reached XP level 2. HP: 4/19 MP: 3/5
  1220 | D:1      | Reached XP level 3. HP: 24/24 MP: 7/7
  1780 | D:2      | Learned a level 3 spell: Dazzling Spray
  1783 | D:2      | Learned a level 2 spell: Searing Ray
  1866 | D:2      | Reached XP level 4. HP: 29/30 MP: 9/9
  1877 | D:2      | Found an iron altar of Okawaru.
  2641 | D:3      | Reached XP level 5. HP: 9/36 MP: 10/10
  2894 | D:3      | Noticed Terence
  2923 | D:3      | Killed Terence
  3432 | D:4      | Reached skill level 1 in Short Blades
  3491 | D:4      | Noticed a black bear
  3689 | D:4      | Reached skill level 5 in Spellcasting
  3945 | D:4      | Reached XP level 6. HP: 42/42 MP: 13/13
  4025 | D:4      | Found Wygrel's General Store.
  4032 | D:4      | Bought a scroll of identify for 20 gold pieces
  4092 | D:4      | Reached skill level 1 in Fighting
  4439 | D:4      | Reached skill level 5 in Conjurations
  4807 | D:4      | Found a runed gate.
  4807 | D:4      | Found a runed gate.
  4808 | D:4      | Found a runed gate.
  4814 | D:4      | Noticed an orc warrior
  4814 | D:4      | Noticed Qyllgeth's ghost (amateur GrFi)
  4816 | D:4      | Found a roughly hewn altar of Beogh.
  4873 | D:5      | Entered Level 5 of the Dungeon
  4873 | D:5      | Found Ograkhei's Armour Shop.
  4873 | D:5      | Found Duryot's Book Emporium.
  4883 | D:5      | Noticed a two-headed ogre
  5385 | D:5      | Learned a level 4 spell: Iskenderun's Mystic Blast
  5475 | D:5      | Bought a book of Cantrips for 220 gold pieces
  5477 | D:5      | Learned a level 1 spell: Summon Small Mammal
  5870 | D:6      | Noticed a sky beast
  6157 | D:6      | Noticed Grinder
  6163 | D:5      | Slain by a gnoll

Vault maps used:
D:1:      scummos_arrival_forest
D:2:      okawaru_ov_weapons_minmay
D:3:      uniq_terence
D:4:      serial_shops, nicolae_shop_competitors_out_of_business,
          biasface_ghost_orc_armoury
D:5:      kb_forest_paths, first_ration, basic_altar, serial_shops, shop, shop,
          shop_statue, shop, shop
D:6:      lemuel_round_altar, dancing_weapons_uskayaw, uniq_sigmund,
          uniq_grinder, uniq_edmund

Skill      XL: |  1  2  3  4  5  6 |
---------------+-------------------+-----
Conjurations   | 4 5 |  5.0
Spellcasting   | 3 5 |  5.8
Short Blades   | 1 |  1.3
Fighting       | 1 |  1.4
Dodging        | |  1.5
Stealth        | |  1.6
Summonings     | |  0.3

Action                   |  1- 3 |  4- 6 || total
-------------------------+-------+-------++-------
Melee: Club              |     8 |       ||     8
       Unarmed           |     6 |       ||     6
       Dagger            |    19 |   111 ||   130
 Cast: Magic Dart        |    91 |   163 ||   254
       Searing Ray       |       |     2 ||     2
       Summon Small Mamm |       |    35 ||    35
       Dazzling Spray    |       |     1 ||     1
  Use: Scroll            |     5 |    13 ||    18
Armor: Robe              |     6 |       ||     6
       Leather armour    |     4 |    49 ||    53
Dodge: Dodged            |    24 |   156 ||   180

Table legend:
 A = Spawn XP
 B = Non-spawn XP
 C = Spawn XP percentage of total XP
 D = Spawn monster count
 E = Non-spawn monster count
 F = Spawn count percentage of total count
 G = Total turns spent on level
                    A         B        C        D         E        F      G
               +---------+---------+-------+---------+---------+-------+---------
         Total |       0 |     619 |   0.0 |       0 |     104 |   0.0 |  6163
               +---------+---------+-------+---------+---------+-------+---------
           D:1 |       0 |      42 |   0.0 |       0 |      24 |   0.0 |  1277
           D:2 |       0 |      98 |   0.0 |       0 |      29 |   0.0 |  1137
           D:3 |       0 |     133 |   0.0 |       0 |      23 |   0.0 |  1009
           D:4 |       0 |     269 |   0.0 |       0 |      19 |   0.0 |  2071
           D:5 |       0 |      63 |   0.0 |       0 |       8 |   0.0 |   605
           D:6 |       0 |      14 |   0.0 |       0 |       1 |   0.0 |    64
               +---------+---------+-------+---------+---------+-------+---------
